cohdb
Replays
Latest Replays
All Replays
Popular Replays
Top Player Replays
Match Explorer
How It Works
Community
CoH3 Stats
Reddit
Sign in to upload your games and track your stats! →
Sign in with Steam
Match 40826580
Unlisted
Match 40826580
Overview
Messages
Build Orders
End
Construct Infanterie Kompanie
Kettenkrad Recon Vehicle
MG 42 Machine Gun Team
Grenadier Squad
Selects Breakthrough Battlegroup
Selects Assault Grenadiers
Grenadier Squad
Infanterie Officer Quarters
Construct Luftwaffe Kompanie
Selects Breakthrough
Pioneer Squad
Jäger Squad
Breakthrough
Medical Station
Jäger Squad
Luftwaffe Officer Quarters
Selects Mechanized Assault Group
Mechanized Assault Group
Breakthrough
Support Elements
Mechanized Assault Group
Selects 2.5-tonne Cargo Truck
2.5-tonne Cargo Truck
Jäger Squad
Wirbelwind Flakpanzer
Construct Panzer Kompanie
Panzer IV Medium Tank
Panzer Officer Quarters
2.5-tonne Cargo Truck
Selects Blitzkrieg
Side Skirts
Construct Panzergrenadier Kompanie
Pioneer Squad
Breakthrough
Selects Tiger Heavy Tank
Nebelwerfer 42 Rocket Launcher Team
Breakthrough
Panzer IV Medium Tank
Dino75195
Facki
[GG]Onkel Stonkel
[GG]Quiq
0
0
Comments
sign in to comment!
No comments posted yet!